 Dungeon Crawl Stone Soup version 0.30-a0-696-g2367cd04db (webtiles) character file.

Game seed: 1746405713081049482

194 ASSMAN the Poker (level 5, -4/41 HPs)
             Began as a Merfolk Berserker on Jan 20, 2023.
             Was a Believer of Trog.
             Slain by a goblin
             ... wielding a +0 dagger
             ... led by Robin
              (5 damage)
             ... on level 4 of the Dungeon.
             The game lasted 00:03:50 (3374 turns).

ASSMAN the Poker (Merfolk Berserker)                Turns: 3374, Time: 00:03:51

Health: -4/41      AC:  2    Str: 15 (17) XL:     5   Next: 73%
Magic:  5/5        EV: 13    Int:  6 (7)  God:    Trog [**....]
Gold:   135        SH:  0    Dex: 13 (15) Spells: 4/4 levels left

rFire   . . .      SeeInvis .    a - +0 spear
rCold   . . .      Faith    .    (no shield)
rNeg    . . .      Spirit   .    b - +0 animal skin
rPois   .          Reflect  .    s - +0 hat
rElec   .          Harm     .    (no cloak)
rCorr   .          Rampage  .    (no gloves)
Will    .....                    (no boots)
Stlth   +                        (no amulet)
HPRegen 0.26/turn                (no ring)
MPRegen 0.09/turn                (no ring)

@: on berserk cooldown, slowed, very slow
A: (nimble swimmer 2), mertail
a: Renounce Religion, Berserk, Trog's Hand


You were on level 4 of the Dungeon.
You worshipped Trog.
Trog was pleased with you.
You visited 1 branch of the dungeon, and saw 4 of its levels.

You collected 135 gold pieces.

Inventory:

Hand Weapons
 a - a +0 spear (weapon)
Missiles
 t - 4 datura-tipped darts (quivered)
Armour
 b - a +0 animal skin (worn)
 s - a +0 hat (worn)
Jewellery
 p - a ring of see invisible
Wands
 u - a wand of mindburst (7)
Scrolls
 c - a scroll of poison {unknown}
 d - 2 scrolls of identify {unknown}
 e - a scroll of torment {unknown}
 h - 2 scrolls of noise {unknown}
 i - a scroll of immolation {unknown}
 m - 2 scrolls of teleportation {unknown}
 q - a scroll of fog {unknown}
 r - a scroll of amnesia {unknown}
Potions
 f - a potion of degeneration
 g - a potion of haste {unknown}
 j - 2 potions of mutation {unknown}
 k - 4 potions of brilliance {unknown}
 l - a potion of curing {unknown}
 n - 2 potions of lignification {unknown}
 o - a potion of attraction {unknown}


   Skills:
 - Level 3.2 Fighting
 + Level 7.0 Polearms
 - Level 1.3 Armour
 + Level 5.0 Dodging


You had 4 spell levels left.
You didn't know any spells.
Your spell library was empty.

Dungeon Overview and Level Annotations

Branches:
Dungeon (4/15)
 Temple: D:4-7

Altars:

Annotations:
D:4 Robin


Innate Abilities, Weirdness & Mutations

((You are very nimble when in or above water. (Stealth+, EV+, Speed+++)))
Your lower body shifts to a powerful aquatic tail in water.


Message History

You are too injured to fight recklessly!
You hit the hobgoblin.
You kill the hobgoblin!
Trog accepts your kill.
You closely miss the goblin. Your punch misses the goblin.
The goblin hits you with a +0 dagger.
The goblin shoots a sling bullet.
The sling bullet closely misses you. The goblin barely misses you.
Robin hits you with a +0 whip.
* * * LOW HITPOINT WARNING * * *
You feel a strong urge to attack something.
The goblin hits you with a +0 dagger.
* * * LOW HITPOINT WARNING * * *
You are no longer berserk.
You are exhausted.
You feel yourself slow down. The goblin attacks as you move away!
The goblin completely misses you.
The goblin no longer looks unusually strong.
The goblin shoots a sling bullet.
The sling bullet barely misses you. Robin throws the goblin at you!
* * * LOW HITPOINT WARNING * * *
The goblin attacks as you move away! The goblin completely misses you.
The goblin no longer looks unusually strong.
The goblin unwields a +0 sling.
The goblin wields a +0 dagger.
The goblin barely misses you. Robin throws the goblin at you!
The goblin hits you with a +0 dagger.
* * * LOW HITPOINT WARNING * * *
The goblin closely misses you. The goblin hits you with a +0 dagger.
* * * LOW HITPOINT WARNING * * *
The goblin hits you with a +0 dagger.
* * * LOW HITPOINT WARNING * * *
Robin roars a battlecry!
The goblins go into a battle-frenzy!
Unknown command.
It was a potion of degeneration.
There was something very wrong with that liquid.
You feel weakened.
You feel dopey.
You feel clumsy.
The goblin no longer looks unusually strong. x2
The hobgoblin no longer looks unusually strong.
The goblin barely misses you. The goblin hits you with a +0 dagger.
You die...

#.##...# ###.## #
#.##.#.# #.... .#
#.##.#.# #.#.# .#
#.##.#.# #.#.###.###
#......## #.........#
###.....>#####.......#.#
.).................†...+
###......#####[##g...#.#
##.#...# #..@gg..#
###...# ####g.### #
#...#######.g.###.#
##.##........g.....
#.###......g.....# #.#
#..~~).......# #[#
#.~..†.†.....#
#.##~~~..~..~~...~#
#.#~~~..~..~..~..~~


You could see Robin, a hobgoblin and 5 goblins.

Vanquished Creatures
  A hound (D:4)
  Terence (D:3)
  3 gnolls (D:3)
  3 adders
  3 worms
  A dart slug (D:3)
  3 orcs (D:3)
  6 endoplasms
  5 giant cockroaches
  5 goblins
  11 hobgoblins
  4 quokkas
  6 ball pythons
  5 bats
  3 frilled lizards
  7 kobolds
  5 rats
72 creatures vanquished.

Notes
Turn   | Place    | Note
-------+----------+-------------------------------------------
     0 | D:1      | ASSMAN the Merfolk Berserker began the quest for the Orb.
     0 | D:1      | Reached XP level 1. HP: 18/18 MP: 1/1
   188 | D:1      | Reached XP level 2. HP: 24/24 MP: 2/2
   338 | D:1      | Reached skill level 5 in Polearms
   667 | D:1      | Reached XP level 3. HP: 26/29 MP: 3/3
  1318 | D:2      | Reached ** piety under Trog
  1697 | D:3      | Noticed Terence
  1711 | D:3      | Killed Terence
  1712 | D:3      | Reached skill level 6 in Polearms
  1712 | D:3      | Reached XP level 4. HP: 19/35 MP: 4/4
  2133 | D:3      | Reached XP level 5. HP: 19/41 MP: 5/5
  3315 | D:4      | Reached skill level 7 in Polearms
  3351 | D:4      | Noticed Robin
  3356 | D:4      | Reached skill level 5 in Dodging
  3373 | D:4      | HP: 1/41 [goblin/+0 dagger[Robin] (3)]
  3374 | D:4      | Slain by a goblin

Illustrated notes

Levels and vault maps discovered:
D:1:      lemuel_arrival_hallway, layout_basic
D:2:      layout_loops_ring
D:3:      layout_basic, chequers_big_river, nicolae_elevator_lobby_asterisk,
          uniq_terence
D:4:      cheibrodos_helix_gallery, layout_loops_corners, lemuel_blue_sif_altar,
          uniq_robin, uniq_ijyb, uniq_menkaure, uniq_duvessa, uniq_natasha

Skill      XL: |  1  2  3  4  5 |
---------------+----------------+-----
Polearms       | 5 6 7 |  7.0
Dodging        | 3 4 5 |  5.0
Fighting       | |  3.2
Armour         | |  1.3

Action                   |  1- 3 |  4- 6 || total
-------------------------+-------+-------++-------
Melee: Spear             |   138 |   137 ||   275
       Punch             |     2 |     1 ||     3
       Tailslap          |       |     4 ||     4
Invok: Berserk           |     1 |     2 ||     3
  Use: Potion            |       |     1 ||     1
 Stab: Sleeping          |     5 |     5 ||    10
       Distracted        |     1 |       ||     1
Armor: Animal skin       |    15 |    10 ||    25
Dodge: Dodged            |    56 |    89 ||   145

Table legend: (Time is in decaauts)
 A = Elapsed time spent in this place.
 B = Non-inter-level travel time spent in this place.
 C = Inter-level travel time spent in this place.
 D = Time resting spent in this place.
 E = Time spent auto-exploring this place.
 F = Levels seen in this place.
 G = Mean time per level.
                   A        B        C        D        E       F      G
               +--------+--------+--------+--------+--------+-----+--------+
         Total |   3320 |   3259 |     61 |     81 |   2714 |   4 |  830.0 |
       Dungeon |   3320 |   3259 |     61 |     81 |   2714 |   4 |  830.0 |
               +--------+--------+--------+--------+--------+-----+--------+

Top non-repeatable levels by time:
     D:3: 1346 daAuts
     D:1: 943 daAuts
     D:2: 725 daAuts
     D:4: 305 daAuts
